 Dungeon Crawl Stone Soup version 0.29-a0-297-g7659ce593d (webtiles) character file.

Game seed: 16738596281930370735

72 kae the Firebug (level 4, -1/25 HPs)
             Began as a Tengu Fire Elementalist on Mar 21, 2022.
             Slain by a gnoll
             ... wielding a +0 halberd
              (4 damage)
             ... on level 3 of the Dungeon.
             The game lasted 00:01:27 (2538 turns).

kae the Firebug (Tengu Fire Elementalist)           Turns: 2538, Time: 00:01:28

Health: -1/25      AC:  3    Str:  9    XL:     4   Next: 26%
Magic:  6/8        EV:  6    Int: 17    God:
Gold:   92         SH:  0    Dex: 14    Spells: 2/8 levels left

rFire   . . .      SeeInvis .   (no weapon)
rCold   . . .      Faith    .   (no shield)
rNeg    . . .      Spirit   .   a - +1 robe
rPois   .          Reflect  .   (helmet restricted)
rElec   .          Harm     .   (no cloak)
rCorr   .          Rampage  .   (no gloves)
Will    .....                   (boots unavailable)
Stlth   ++........              (no amulet)
HPRegen 0.08/turn               (no ring)
MPRegen 0.11/turn               (no ring)

@: held
A: beak, talons 3
a: no special abilities


You were on level 3 of the Dungeon.
You visited 1 branch of the dungeon, and saw 3 of its levels.

You collected 92 gold pieces.

Inventory:

Armour
 a - a +1 robe (worn)
Scrolls
 c - a scroll of magic mapping
 d - 2 scrolls of identify
 i - a scroll of enchant armour
 j - 3 scrolls of teleportation
Potions
 b - a potion of magic
 e - 2 potions of mutation
 g - a potion of attraction
 h - a potion of brilliance


   Skills:
 + Level 1.4 Fighting
 - Level 2.1 Dodging
 - Level 2.0 Stealth
 + Level 2.5 Spellcasting
 + Level 2.5 Conjurations
 * Level 4.3 Fire Magic


You had 2 spell levels left.
You knew the following spells:

 Your Spells              Type           Power      Damage    Failure   Level
a - Foxfire               Conj/Fire      52%        2x1d6     4%          1
b - Scorch                Fire           32%        2d6       4%          2
c - Conjure Flame         Conj/Fire      13%        6-21      14%         3

Your spell library contained the following spells:

 Spells                   Type           Power      Damage    Failure   Level
 Corpse Rot               Necr/Air       4%         N/A       28%         2
 Poisonous Vapours        Pois/Air       4%         N/A       28%         2
 Inner Flame              Hex/Fire       9%         N/A       22%         3
 Flame Wave               Conj/Fire      13%        2d6       41%         4


Dungeon Overview and Level Annotations

Branches:
Dungeon (3/15)

Altars:

Shops:
D:1 =


Innate Abilities, Weirdness & Mutations

You have a beak for a mouth.
You have claws for feet.


Message History

The foxfire hits the gnoll.
The gnoll is moderately wounded.
A gnoll is nearby!
Casting: Foxfire (safe; 4% risk of failure)
Confirm with . or Enter, or press ? or * to list all spells.
You conjure some foxfire!
A goblin comes into view. It is wielding a +0 dagger.
The foxfire hits the gnoll.
The gnoll is heavily wounded.
The foxfire hits the gnoll.
The gnoll is severely wounded.
The gnoll closely misses you.
A gnoll comes into view. It is wielding a +0 halberd.
There are monsters nearby!
Casting: Foxfire (safe; 4% risk of failure)
Confirm with . or Enter, or press ? or * to list all spells.
You conjure some foxfire!
The foxfire hits the goblin.
The goblin is heavily wounded.
The gnoll hits you from afar with a +0 spear.
A gnoll comes into view. It is wielding a +0 flail.
The gnoll closely misses you.
The gnoll shouts!
The foxfire hits the gnoll.
You kill the gnoll!
The gnoll throws a throwing net.
The throwing net hits you.
You become entangled in the net!
The gnoll hits you from afar with a +0 spear!
You struggle against the net.
The goblin barely misses you.
The gnoll hits you from afar with a +0 spear!
* * * LOW HITPOINT WARNING * * *
You struggle against the net.
The goblin closely misses you.
The gnoll hits you from afar with a +0 spear.
* * * LOW HITPOINT WARNING * * *
Okay, then.
Okay, then.
You struggle against the net.
The goblin hits you with a +0 dagger.
* * * LOW HITPOINT WARNING * * *
The gnoll barely misses you.
The gnoll hits you from afar with a +0 halberd.
You die...

,*,*,,,*,*,*,*,*,*,*,*,*,*,,,,,,<
*,*,,,,,*.#,*,*,*,*,*,#.*,,,,,,**
,*,*,*,*.#.#,*,*,*,*,#.#,*****,**
*,*,*,*.#.#.#,*,*,*,#.#,*,* *,**
,*,*,*.#.#.#)#,*,*,#.#,*,** *,**
*,*,*.#.#.#.#.#,*,#.#,*,*,* *,**
,*,*,#.#.#.#.#.#§#.#,*,*,** *,*
*,*,*.#.#.#.#.#.#.#.#,*,*,* **+**
,*,*,#.#.#.#.#.#@)g#,*,*,****,,,,
*,*,*,#.#.#.#.#.#gg.....,,,,*,,,,
,*,*,*,#.#.#.#.#§.####.#***,*,,,,
*,*,*,*,#.#.#.#.#.#*,,,,,**,*,,,,
,*,*,*,*,#.#.#.#..#,,,,,,,*,*,,,,
*,*,*,*,*,#.<.#.#.#,,,,,,,*,*,,,,
,*,*,*,*,#.#.#.#....,,_,,,,,,,,,,
*,*,*,*,#.#.#.#.#.#..,,,,,*,,,,,,
,*,*,*,#.#.#,#.#..#...,,,,*,*****


You could see 2 gnolls and a goblin.

Vanquished Creatures
  A gnoll (D:3)
  2 adders (D:2)
  A worm (D:2)
  2 dart slugs (D:1)
  2 bats (D:1)
  3 endoplasms
  3 giant cockroaches
  4 goblins
  5 hobgoblins
  A quokka (D:2)
  6 ball pythons
  3 frilled lizards
  2 kobolds
  3 rats
38 creatures vanquished.

Vanquished Creatures (collateral kills)
  8 foxfires (D:2)
8 creatures vanquished.

Vanquished Creatures (others)
  136 foxfires
136 creatures vanquished.

Grand Total: 182 creatures vanquished

Notes
Turn   | Place    | Note
-------+----------+-------------------------------------------
     0 | D:1      | kae the Tengu Fire Elementalist began the quest for the
                  | Orb.
     0 | D:1      | Reached XP level 1. HP: 10/10 MP: 4/4
    32 | D:1      | Found Mako's Jewellery Boutique.
   199 | D:1      | Reached XP level 2. HP: 16/16 MP: 1/6
   767 | D:1      | Reached XP level 3. HP: 20/20 MP: 5/7
  1242 | D:2      | Reached skill level 1 in Fighting
  1284 | D:2      | Found a faded altar of an unknown god.
  1436 | D:2      | Reached skill level 4 in Fire Magic
  2238 | D:2      | Reached XP level 4. HP: 25/25 MP: 5/8
  2397 | D:3      | Learned a level 2 spell: Scorch
  2401 | D:3      | Learned a level 3 spell: Conjure Flame
  2538 | D:3      | Slain by a gnoll

Illustrated notes

Levels and vault maps discovered:
D:1:      matt_arrival_debris, layout_loops_ring, serial_shops,
          nicolae_shop_crystal, nicolae_figureground_sparkle
D:2:      layout_loops_ring, hellmonk_ecumenical_altar_zigzags, serial_forest,
          infiniplex_forest_lined_3, infiniplex_forest_clump_curved,
          infiniplex_forest_lined_room_2, infiniplex_forest_end_3,
          infiniplex_forest_lined_2, infiniplex_forest_lined_1,
          infiniplex_forest_end_1, kennysheep_generic_room_9
D:3:      layout_basic, old_standard_altar, grunt_temple_overflow_open,
          grunt_temple_overflow_opulence, nzn_hepliaklqana_mist_gate

Skill      XL: |  1  2  3 |
---------------+----------+-----
Conjurations   | 2 |  2.5
Fighting       | 1 |  1.4
Fire Magic     | 4 |  4.3
Dodging        | |  2.1
Stealth        | |  2.0
Spellcasting   | |  2.5

Action                   |  1- 3 |  4- 6 || total
-------------------------+-------+-------++-------
Melee: Unarmed           |     4 |       ||     4
       Peck              |     1 |       ||     1
 Cast: Foxfire           |    78 |     5 ||    83
  Use: Scroll            |     4 |     6 ||    10
Armor: Robe              |     6 |       ||     6
Dodge: Dodged            |    28 |     5 ||    33

Table legend: (Time is in decaauts)
 A = Elapsed time spent in this place.
 B = Non-inter-level travel time spent in this place.
 C = Inter-level travel time spent in this place.
 D = Time resting spent in this place.
 E = Time spent auto-exploring this place.
 F = Levels seen in this place.
 G = Mean time per level.
                   A        B        C        D        E       F      G
               +--------+--------+--------+--------+--------+-----+--------+
         Total |   2537 |   2460 |     77 |      0 |   2176 |   3 |  845.7 |
       Dungeon |   2537 |   2460 |     77 |      0 |   2176 |   3 |  845.7 |
               +--------+--------+--------+--------+--------+-----+--------+

Top non-repeatable levels by time:
     D:1: 1235 daAuts
     D:2: 1151 daAuts
     D:3: 150 daAuts
